 Dungeon Crawl Stone Soup version 0.30-a0-509-gd016549fea (webtiles) character file.

Game seed: 8720256175252480999

529 Borgoz the Trooper (level 7, -6/44 HPs)
             Began as a Gargoyle Berserker on Dec 22, 2022.
             Was a Believer of Trog.
             Mangled by an ogre
             ... wielding a +0 giant spiked club
              (16 damage)
             ... on level 5 of the Dungeon.
             The game lasted 00:04:42 (2398 turns).

Borgoz the Trooper (Gargoyle Berserker)             Turns: 2398, Time: 00:04:42

Health: -6/44      AC: 12    Str: 20    XL:     7   Next: 23%
Magic:  7/7        EV: 11    Int:  8    God:    Trog [**....]
Gold:   184        SH:  0    Dex: 11    Spells: 6/6 levels left

rFire   . . .      SeeInvis .    b - +0 flail
rCold   . . .      Faith    .    (no shield)
rNeg    + . .      Spirit   .    d - +0 ring mail
rPois   ∞          Reflect  .    (no helmet)
rElec   +          Harm     .    h - +0 cloak
rCorr   .          Rampage  .    (no gloves)
Will    ++...                    (no boots)
Stlth   +.........               (no amulet)
HPRegen 1.27/turn                (no ring)
MPRegen 0.10/turn                (no ring)

@: strong-willed, regenerating
A: sickness immunity, AC +4, negative energy resistance 1, electricity
resistance, torment resistance 1, petrification resistance
a: Renounce Religion, Berserk, Trog's Hand


You were on level 5 of the Dungeon.
You worshipped Trog.
Trog was pleased with you.
You visited 1 branch of the dungeon, and saw 5 of its levels.

You collected 184 gold pieces.

Inventory:

Hand Weapons
 b - a +0 flail (weapon)
Armour
 d - a +0 ring mail (worn)
 h - a +0 cloak (worn)
Jewellery
 t - a ring of ice
 u - a ring of protection from cold
Wands
 o - a wand of digging (6)
Scrolls
 e - 4 scrolls of identify
 g - a scroll of blinking {unknown}
 i - a scroll of fear {unknown}
 k - a scroll of poison {unknown}
 l - a scroll of teleportation {unknown}
 m - 4 scrolls of amnesia {unknown}
 p - a scroll of vulnerability {unknown}
 w - a scroll of magic mapping {unknown}
 x - a scroll of acquirement {unknown}
Potions
 a - a potion of ambrosia {unknown}
 c - a potion of haste {unknown}
 f - a potion of might {unknown}
 j - a potion of degeneration {unknown}
 n - a potion of attraction {unknown}
 q - a potion of curing {unknown}
 r - a potion of mutation {unknown}
 s - a potion of magic {unknown}
 v - a potion of invisibility {unknown}


   Skills:
 + Level 5.2 Fighting
 + Level 4.7 Maces & Flails
 + Level 4.5 Armour
 + Level 3.4 Dodging


You had 6 spell levels left.
You didn't know any spells.
Your spell library was empty.

Dungeon Overview and Level Annotations

Branches:
Dungeon (5/15)             Temple (0/1) D:4

Altars:


Innate Abilities, Weirdness & Mutations

You are immune to sickness and miasma.
Your stone body is resilient. (AC +4)
You are immune to poison.
You resist negative energy. (rN+)
You are resistant to electric shocks. (rElec)
You are resistant to unholy torment.
You are immune to petrification.


Message History

The scorpion stings you but does no damage.
You hit the scorpion.
The scorpion is lightly wounded.
The scorpion stings you.
You sock the scorpion!
The scorpion is severely wounded.
The scorpion stings you but does no damage.
The scorpion misses you.
You thump the scorpion!
You kill the scorpion!
Trog accepts your kill.
You see here a scorpion corpse.
Found a short sword.
e - 4 scrolls of identify (gained 1)
You now have 184 gold pieces (gained 17).
Found a stone staircase leading down.
There is a stone staircase leading down here.
x - a scroll labelled GUCHIWNYMPO An ogre comes into view.
It is wielding a +0 giant spiked club.
The ogre shouts!
You hit the ogre.
The ogre is lightly wounded.
The ogre hits you with a +0 giant spiked club.
You sock the ogre!
The ogre is moderately wounded.
The ogre hits you with a +0 giant spiked club!
You hit the ogre.
The ogre is heavily wounded.
The ogre hits you with a +0 giant spiked club!!
Ouch! That really hurt!
* * * LOW HITPOINT WARNING * * *
You are too injured to fight recklessly!
Your skin crawls.
You feel strong-willed.
An adder comes into view.
The adder hisses angrily.
The ogre attacks as you move away! The ogre barely misses you.
The ogre attacks as you move away!
The ogre hits you with a +0 giant spiked club!
You die...

#.#.#.#####..# #.#.. #.#
##.#.#.....#..# #.#.# #.#
#..........#..# #.#.# #.#
..###......#..# #.#.# #.#
.##
##.....#..####.#.######.#.#
##
#.............#........#.#
#######.## #..#########.#
###.#####............#
.......@OS...>########
....#########.# #
#######.#######
...............
#######.####### #.# #.# #.#
#.#


You could see an ogre and an adder.

Vanquished Creatures
  Sigmund (D:5)
  A phantom (D:5)
  2 scorpions (D:5)
  2 hounds
  An iguana (D:4)
  A gnoll (D:1)
  2 worms
  3 dart slugs
  2 orcs
  6 bats
  An endoplasm (D:1)
  2 giant cockroaches
  3 goblins
  4 hobgoblins
  8 jackals
  A kobold (D:1)
  3 quokkas
  8 ball pythons
  2 frilled lizards (D:1)
  5 rats
58 creatures vanquished.

Vanquished Creatures (others)
  A plant (D:3)
1 creature vanquished.

Grand Total: 59 creatures vanquished

Notes
Turn   | Place    | Note
-------+----------+-------------------------------------------
     0 | D:1      | Borgoz the Gargoyle Berserker began the quest for the Orb.
     0 | D:1      | Reached XP level 1. HP: 14/14 MP: 1/1
    66 | D:1      | Reached XP level 2. HP: 19/19 MP: 2/2
    72 | D:1      | Found a faded altar of an unknown god.
   302 | D:1      | Reached XP level 3. HP: 21/23 MP: 3/3
  1073 | D:2      | Reached ** piety under Trog
  1412 | D:3      | Reached XP level 4. HP: 29/29 MP: 4/4
  1958 | D:4      | Reached skill level 4 in Fighting
  2000 | D:4      | Reached XP level 5. HP: 28/33 MP: 5/5
  2022 | D:4      | Found a staircase to the Ecumenical Temple.
  2024 | D:4      | Noticed an ogre
  2074 | D:5      | Entered Level 5 of the Dungeon
  2159 | D:5      | Noticed Sigmund
  2160 | D:5      | Noticed a phantom
  2180 | D:5      | Killed a phantom
  2181 | D:5      | Reached XP level 6. HP: 39/39 MP: 6/6
  2204 | D:5      | Killed Sigmund
  2205 | D:5      | Reached skill level 5 in Fighting
  2205 | D:5      | Reached XP level 7. HP: 39/44 MP: 7/7
  2391 | D:5      | HP: 2/44 [ogre/+0 giant spiked club (28)]
  2398 | D:5      | Mangled by an ogre

Illustrated notes

Levels and vault maps discovered:
D:1:      dpeg_arrival_ternary, layout_rooms, ebering_ecumenical_altar_rust
D:2:      layout_basic
D:3:      layout_rooms, guppyfry_early_lair_pool
D:4:      layout_basic, minmay_temple_entry_water_ring, nicolae_elemental_shop,
          st_stairs_1
D:5:      minmay_polygon_palace, layout_basic, uniq_sigmund

Skill      XL: |  1  2  3  4  5  6 |
---------------+-------------------+-----
Dodging        | 2 3 |  3.4
Armour         | 3 4 |  4.5
Fighting       | 4 5 |  5.2
Maces & Flails | 4 |  4.7

Action                   |  1- 3 |  4- 6 |  7- 9 || total
-------------------------+-------+-------+-------++-------
Melee: Mace              |     5 |       |       ||     5
       Flail             |    87 |    81 |    10 ||   178
       Punch             |     1 |     1 |       ||     2
Invok: Berserk           |     3 |     2 |       ||     5
       Trog's Hand       |       |       |     1 ||     1
  Use: Scroll            |     1 |     1 |       ||     2
       Potion            |       |     3 |       ||     3
Armor: Ring mail         |    41 |    42 |     3 ||    86
Dodge: Dodged            |    63 |    41 |     4 ||   108

Table legend: (Time is in decaauts)
 A = Elapsed time spent in this place.
 B = Non-inter-level travel time spent in this place.
 C = Inter-level travel time spent in this place.
 D = Time resting spent in this place.
 E = Time spent auto-exploring this place.
 F = Levels seen in this place.
 G = Mean time per level.
                   A        B        C        D        E       F      G
               +--------+--------+--------+--------+--------+-----+--------+
         Total |   2482 |   2383 |     99 |    141 |   1711 |   5 |  496.4 |
       Dungeon |   2482 |   2383 |     99 |    141 |   1711 |   5 |  496.4 |
               +--------+--------+--------+--------+--------+-----+--------+

Top non-repeatable levels by time:
     D:2: 817 daAuts
     D:1: 628 daAuts
     D:3: 496 daAuts
     D:5: 338 daAuts
     D:4: 203 daAuts
